 Dungeon Crawl Stone Soup version 0.29.1-14-g9c671dbff4 (webtiles) character file.

Game seed: 3059226325871574050

85 croobank the Sneak (level 4, -1/31 HPs)
             Began as an Octopode Delver on Feb 13, 2023.
             Was an Initiate of Gozag.
             Slain by an orc priest
             ... wielding a +0 club
              (5 damage)
             ... on level 4 of the Dungeon.
             The game lasted 00:08:06 (3314 turns).

croobank the Sneak (Octopode Delver)                Turns: 3314, Time: 00:08:06

Health: -1/31      AC:  1    Str: 11    XL:     4   Next: 48%
Magic:  5/5        EV: 13    Int: 20    God:    Gozag
Gold:   117        SH:  0    Dex: 13    Spells: 5/5 levels left

rFire   . . .      SeeInvis .   a - +0 hand axe
rCold   + . .      Faith    .   (no shield)
rNeg    . . .      Spirit   .   (helmet restricted)
rPois   .          Reflect  .   (no amulet)
rElec   .          Harm     .   u - +6 ring of intelligence
rCorr   .          Rampage  .   v - ring of protection from cold
Will    .....                   (no ring)
Stlth   ++++......              (no ring)
HPRegen 0.10/turn               (no ring)
MPRegen 0.09/turn               (no ring)
                                (no ring)
                                (no ring)

@: gold aura
A: almost no armour, amphibious, 8 rings, camouflage 1, gelatinous body 1,
(nimble swimmer 1), tentacles, low MP 1, inability to drink after injury 1
a: Renounce Religion, Potion Petition, Call Merchant, Bribe Branch


You were on level 4 of the Dungeon.
You worshipped Gozag.
Gozag was aware of your devotion.
You visited 1 branch of the dungeon, and saw 6 of its levels.

You collected 223 gold pieces.
You paid 106 gold pieces to Gozag.

Inventory:

Hand Weapons
 a - a +0 hand axe (weapon)
 d - a +0 trident
 j - a +0 vampiric rapier
 k - a +1 war axe of venom
 p - a +1 short sword of holy wrath
 s - a +2 dagger of draining
Jewellery
 u - a +6 ring of intelligence (left tentacle)
 v - a ring of protection from cold (right tentacle)
Wands
 f - a wand of digging (2)
Scrolls
 b - a scroll of fog
 c - 2 scrolls of teleportation
 h - a scroll of vulnerability
 i - a scroll of fear
Potions
 e - a potion of haste
 g - 3 potions of curing
 n - 2 potions of lignification
 z - a potion of invisibility {unknown}


   Skills:
 + Level 3.5 Fighting
 + Level 2.5 Axes
 + Level 2.6 Dodging
 + Level 7.1 Stealth
 * Level 1.2 Spellcasting
 * Level 0.5 Hexes


You had 5 spell levels left.
You didn't know any spells.
Your spell library contained the following spells:

 Spells                   Type           Power      Damage    Failure   Level
 Tukima's Dance           Hex            3%         N/A       38%         3
 Portal Projectile        Hex/Tloc       4%         N/A       43%         3
 Blade Hands              Tmut           0%         N/A       99%         5


Dungeon Overview and Level Annotations

Branches:
Dungeon (6/15)             Temple (0/1) D:4

Altars:
Dithmenos
Gozag
Kikubaaqudgha
Qazlal
Uskayaw
Vehumet
Zin

Annotations:
D:4 Ijyb


Innate Abilities, Weirdness & Mutations

You cannot wear most types of armour.
You are amphibious.
You can wear up to eight rings at the same time.
Your skin changes colour to match your surroundings (Stealth+).
Your rubbery body absorbs attacks. (AC +1, EV +1)
((You are camouflaged when in or above water. (Stealth+)))
You have tentacles for arms and can constrict up to eight enemies at once.
Your magical capacity is low. (-10% MP)
You occasionally lose the ability to drink potions when taking damage.


Message History

There is a stone staircase leading up here.
You now have 107 gold pieces (gained 12).
You now have 113 gold pieces (gained 6).
i - a scroll of fear
Found a staircase to the Ecumenical Temple.
A hobgoblin comes into view.
You hit the hobgoblin. You grab the hobgoblin.
The hobgoblin is severely wounded.
You constrict the hobgoblin, but do no damage.
The hobgoblin misses you.
You hit the hobgoblin but do no damage. You squeeze the hobgoblin.
You kill the hobgoblin!
You now have 117 gold pieces (gained 4).
An orc priest comes into view. It is wielding a +0 club.
The orc priest shouts!
You hear a shout!
An orc comes into view.
It is wielding a +0 club and wearing a +1 chain mail of fire resistance.
The orc priest invokes the aid of Beogh against you.
Beogh smites you!
You hear a shout! x2
The goblin shouts!
The orc priest looks braver for a moment.
You hit the orc priest. Your grab misses the orc priest.
You squeeze the orc priest, but do no damage.
The orc priest is moderately wounded.
The goblin drinks a potion.
The goblin seems to speed up.
The orc priest mumbles some strange prayers to Beogh against you.
Pain shoots through your body!
* * * LOW HITPOINT WARNING * * *
You barely miss the orc priest. Your grab misses the orc priest.
The orc priest is moderately wounded.
You hit the goblin.
You kill the goblin!
The orc priest hits you with a +0 club.
* * * LOW HITPOINT WARNING * * *
It was a potion of mutation.
You feel extremely strange.
You occasionally lose the ability to drink potions when taking damage.
You feel less energetic. The orc priest hits you with a +0 club.
You die...
Your body crumbles into a pile of gold.

#........## #..........
#.........## #.......
#..........## ##.###...
##..........## #..# #... .8.8
#...........####..# #... ....
#............##..## #... ....
#. #................# #...
.... #.# #...#.#.$..#.##..#
##.. g...
#..##.#.#.#@##.#.....# #..
.gg. #..##.#..g.o......#...#
##. .8.8
#........##.#.#.#.#....# ##
######......#....#.#.#...#..#
............#.o..........##..
.)............#.#.>.#.##......
>........#.##.#.#...#......
..................#....#..##
.g.<..^......#.##.#.##.# #


You could see an orc priest and a goblin (fast).

Vanquished Creatures
  A gnoll (D:4)
  An adder (D:2)
  3 worms (D:2)
  An orc (D:3)
  A bat (D:2)
  4 endoplasms
  3 giant cockroaches
  12 goblins
  6 hobgoblins
  4 quokkas
  3 ball pythons
  A frilled lizard (D:2)
  4 kobolds
  8 rats
52 creatures vanquished.

Notes
Turn   | Place    | Note
-------+----------+-------------------------------------------
     0 | D:5      | croobank the Octopode Delver began the quest for the Orb.
     0 | D:5      | Reached XP level 1. HP: 16/16 MP: 1/1
     2 | D:6      | Noticed an orc warrior
     2 | D:6      | Noticed an orc wizard
    47 | D:5      | Noticed a scorpion
   201 | D:5      | Noticed a black bear
   240 | D:5      | Noticed a gnoll bouda
   258 | D:5      | Noticed an iguana
   267 | D:4      | Reached XP level 2. HP: 13/21 MP: 2/2
   690 | D:1      | Reached XP level 3. HP: 17/26 MP: 3/3
  1479 | D:1      | Found a faded altar of an unknown god.
  1479 | D:1      | Noticed a green death
  1524 | D:2      | Reached skill level 7 in Stealth
  1666 | D:2      | Reached XP level 4. HP: 27/31 MP: 5/5
  1823 | D:2      | Reached skill level 1 in Spellcasting
  2359 | D:3      | Found an opulent altar of Gozag.
  2372 | D:3      | Became a worshipper of Gozag Ym Sagoz the Greedy
  2426 | D:3      | Found an ancient bone altar of Kikubaaqudgha.
  2909 | D:3      | Found a shadowy altar of Dithmenos.
  2909 | D:3      | Found a hide-covered altar of Uskayaw.
  2916 | D:3      | Found a stormy altar of Qazlal.
  2920 | D:3      | Found a glowing silver altar of Zin.
  2921 | D:3      | Found a radiant altar of Vehumet.
  2977 | D:4      | Noticed Ijyb
  3258 | D:4      | Found a staircase to the Ecumenical Temple.
  3314 | D:4      | Gained mutation: You occasionally lose the ability to drink
                  | potions when taking damage. [potion of mutation]
  3314 | D:4      | Gained mutation: Your magical capacity is low. (-10% MP)
                  | [potion of mutation]
  3314 | D:4      | Slain by an orc priest

Illustrated notes

Levels and vault maps discovered:
D:1:      moated_graveyard_arrival, layout_basic,
          dreamdust_ecumenical_altar_sealed_demon
D:2:      layout_loops_cross, serial_rivers, chequers_serial_rivers_micro_a,
          chequers_serial_rivers_micro_d, chequers_serial_rivers_micro_c,
          chequers_serial_rivers_micro_e, chequers_serial_rivers_room_a,
          chequers_serial_rivers_large_a
D:3:      layout_loops_ring, nicolae_kikubaaqudgha_miasma_corner,
          mainiacjoe_overflow_concentric_impassable,
          chequers_temple_overflow_minitemple
D:4:      kennysheep_the_goblin_king, layout_cave_pods,
          minmay_temple_entry_ruins, glass_columns_c, hangedman_decor_push
D:5:      layout_loops_ring
D:6:      layout_layer_cave

Skill      XL: |  1  2  3  4 |
---------------+-------------+-----
Stealth        | 7 |  7.1
Spellcasting   | 1 |  1.2
Fighting       | |  3.5
Axes           | |  2.5
Dodging        | |  2.6
Hexes          | |  0.5

Action                   |  1- 3 |  4- 6 || total
-------------------------+-------+-------++-------
Melee: Hand axe          |    64 |    39 ||   103
       Constrict         |    19 |    11 ||    30
       Tentacles         |    12 |     5 ||    17
       Punch             |     1 |       ||     1
Evoke: Wand              |     1 |       ||     1
  Use: Scroll            |     2 |    12 ||    14
       Potion            |       |     1 ||     1
 Stab: Sleeping          |    12 |    11 ||    23
Armor: Skin              |     3 |     3 ||     6
Dodge: Dodged            |    33 |    15 ||    48
